 Dungeon Crawl Stone Soup version 0.23.0 (webtiles) character file.

Game seed: 2475654862721669247

3553217 Artagas the Axe Maniac (level 27, 247/247 HPs)
             Began as a Formicid Abyssal Knight on Feb 9, 2019.
             Was the Champion of Lugonu.
             Escaped with the Orb
             ... and 6 runes on Feb 10, 2019!
             The game lasted 07:06:30 (92494 turns).

Artagas the Axe Maniac (Formicid Abyssal Knight)   Turns: 92494, Time: 07:06:30

Health: 247/247    AC: 48    Str: 31    XL:     27
Magic:  36/36      EV: 20    Int: 13    God:    Lugonu [******]
Gold:   6724       SH: 30    Dex: 15    Spells: 23/44 levels left

rFire    + . .     SeeInvis +   b - +9 executioner's axe (freeze)
rCold    + + +     Gourm    .   V - +8 large shield
rNeg     + . .     Faith    .   k - +10 plate armour "Licloamuom" {rPois rN+}
rPois    +         Spirit   .   (helmet unavailable)
rElec    +         Reflect  .   U - +2 cloak {+Inv}
rCorr    .         Harm     .   y - +2 pair of gloves {Str+3}
MR       +++..                  x - +2 pair of boots {Stlth+}
Stlth    ..........             a - amulet of the Harvest {RegenMP rF+ rC+++ Dex-2}
HPRegen  0.00/turn              O - ring of Fun {*Slow rElec rC+ MR+ Dex+6}
MPRegen  0.50/turn              p - +6 ring of protection

@: no status effects
A: permanent stasis, dig shafts and tunnels, four strong arms, antennae 3,
mutation resistance 1, sense surroundings 1, inhibited regeneration, subdued
magic 2, MP-powered wands
0: Orb of Zot
}: 6/15 runes: barnacled, slimy, silver, icy, abyssal, gossamer
a: Dig, Shaft Self, Depart the Abyss, Bend Space, Banish, Corrupt, Enter the
Abyss, Brand Weapon With Distortion, Renounce Religion, Evoke Invisibility


You escaped.
You worshipped Lugonu.
Lugonu was exalted by your worship.
You were not hungry.

You visited 13 branches of the dungeon, and saw 64 of its levels.
You visited the Abyss 7 times.
You visited 1 bazaar.
You also visited: Wizlab.

You collected 9413 gold pieces.
You spent 2689 gold pieces at shops.

Inventory:

Hand Weapons
 b - a +9 executioner's axe of freezing (weapon)
   (You found it on level 4 of the Shoals)
 h - a +9 vampiric battleaxe
   (You subdued it on level 2 of the Elven Halls)
Missiles
 G - 38 javelins of returning
 P - 5 throwing nets (quivered)
Armour
 k - the +10 plate armour "Licloamuom" (worn) {rPois rN+}
   (You found it on level 2 of the Depths)

   It protects you from poison.
   It protects you from negative energy.
 x - a +2 pair of boots of stealth (worn)
   (You bought it in a shop in a bazaar)
 y - a +2 pair of gloves of strength (worn)
   (You found it on level 6 of the Lair of Beasts)
 M - the +2 ratskin cloak {+Rats rPois rN+ Str-1 Int-1 Dex+1}
   (You found it on level 8 of the Dungeon)

   It affects your strength (-1).
   It affects your intelligence (-1).
   It affects your dexterity (+1).
   It protects you from poison.
   It protects you from negative energy.
 U - a +2 cloak of invisibility (worn)
   (You took it off Nikola on level 4 of the Spider Nest)
 V - a +8 large shield (worn)
   (You took it off Louise on level 3 of the Depths)
Jewellery
 a - the amulet of the Harvest (around neck) {RegenMP rF+ rC+++ Dex-2}
   (You acquired it on level 3 of the Elven Halls)

   [amulet of magic regeneration]

   It increases your magic regeneration.
   It affects your dexterity (-2).
   It protects you from fire.
   It renders you almost immune to cold.
 f - an uncursed ring of protection from fire
   (You found it on level 3 of the Lair of Beasts)
 m - an uncursed ring of protection from magic
   (You found it on level 13 of the Dungeon)
 o - an uncursed ring of positive energy
   (You took it off a deep elf high priest on level 3 of the Elven Halls)
 p - a +6 ring of protection (right hand)
   (You took it off a yaktaur on level 5 of the Vaults)
 s - the ring "Iqithu" {Fire Int+4 Dex+4 Slay+2 SInv}
   (You bought it in a shop on level 4 of the Depths)

   [ring of fire]

   It enhances your fire magic.
   It affects your intelligence (+4).
   It affects your dexterity (+4).
   It affects your accuracy and damage with ranged weapons and melee attacks
   (+2).
   It protects you from fire.
   It makes you vulnerable to cold.
   It lets you see invisible.
 u - a +4 ring of evasion
   (You found it on level 2 of the Depths)
 F - the ring "Unidog" {rCorr Dex+3}
   (You found it on level 5 of the Dungeon)

   [ring of resist corrosion]

   It affects your dexterity (+3).
 J - the amulet "Xakyumij" {Reflect Fragile rPois MR++ Dex+2 SH+4}
   (You took it off a hell knight on level 5 of the Vaults)

   [amulet of reflection]

   It shields you and reflects attacks.
   It affects your dexterity (+2).
   It protects you from poison.
   It affects your resistance to hostile enchantments.
   It will be destroyed if unequipped.
   It affects your SH (+4).
 O - the ring of Fun (left hand) {*Slow rElec rC+ MR+ Dex+6}
   (You found it on level 1 of the Elven Halls)

   [ring of protection from cold]

   It affects your dexterity (+6).
   It protects you from cold.
   It insulates you from electricity.
   It affects your resistance to hostile enchantments.
   It may slow you when you take damage.
Wands
 l - a wand of paralysis (37)
   (You found it on level 1 of the Lair of Beasts)
 v - a wand of digging (20)
   (You took it off Erica on level 9 of the Dungeon)
 I - a wand of scattershot (6)
   (You found it on level 1 of the Elven Halls)
 N - a wand of iceblast (4)
   (You found it on level 9 of the Dungeon)
 R - a wand of enslavement (30)
   (You found it on level 10 of the Dungeon)
 W - a wand of clouds (13)
   (You found it on level 4 of the Spider Nest)
Scrolls
 g - 10 scrolls of fear
 i - a scroll of amnesia
 r - 20 scrolls of identify
 t - 10 scrolls of immolation
 z - a scroll of fog
 D - 6 scrolls of vulnerability
 L - 26 scrolls of remove curse
Potions
 d - a potion of might
 j - 5 potions of cancellation
 n - 2 potions of resistance
 q - a potion of curing
 w - a potion of heal wounds
 K - 3 potions of flight
 S - 5 potions of magic
 T - 4 potions of invisibility
Miscellaneous
 c - a box of beasts
 A - the horn of Geryon
   (You took it off Geryon in the Vestibule of Hell)
 B - a lightning rod (4/4)
   (You found it on level 6 of the Lair of Beasts)
 Z - 6 sacks of spiders
Comestibles
 e - 56 rations


   Skills:
 + Level 26.8 Fighting
 O Level 27 Axes
 + Level 23.4 Armour
 + Level 18.7 Dodging
 - Level 15.0 Shields
 - Level 9.0 Spellcasting
 - Level 13.0 Hexes
 - Level 7.0 Charms
 - Level 12.0 Summonings
 - Level 7.0 Necromancy
 - Level 11.0 Translocations
 - Level 13.0 Invocations
 - Level 15.0 Evocations


You had 23 spell levels left.
You knew the following spells:

 Your Spells              Type           Power        Failure   Level  Hunger
a - Summon Mana Viper     Hex/Summ       ###.....     3%          5    #####..
b - Summon Forest         Summ/Tloc      ###.......   6%          5    #####..
c - Song of Slaying       Chrm           ###.....     1%          2    None
d - Regeneration          Chrm/Necr      ###.......   4%          3    ##.....
e - Passage of Golubria   Tloc           N/A          2%          4    ####...
f - Animate Skeleton      Necr           N/A          1%          1    None
g - Summon Butterflies    Summ           ###.....     1%          1    None

Your spell library contained the following spells:

 Spells                   Type           Power        Failure   Level  Hunger
 Apportation              Tloc           ###...       1%          1    None
 Confusing Touch          Hex            ###...       1%          1    None
 Corona                   Hex            ###....      1%          1    None
 Infusion                 Chrm           ###.         1%          1    None
 Pain                     Necr           ###.         1%          1    None
 Summon Small Mammal      Summ           ###.         1%          1    None
 Call Imp                 Summ           ###.....     1%          2    None
 Corpse Rot               Necr           N/A          1%          2    None
 Shroud of Golubria       Chrm/Tloc      ###.......   1%          2    None
 Slow                     Hex            ###.....     1%          2    None
 Sublimation of Blood     Necr           ###.......   1%          2    None
 Call Canine Familiar     Summ           ###.....     1%          3    ##.....
 Confuse                  Hex            ###.....     1%          3    ##.....
 Gell's Gravitas          Tloc           ###.......   1%          3    ##.....
 Lesser Beckoning         Tloc           ###.......   1%          3    ##.....
 Portal Projectile        Hex/Tloc       ###...       1%          3    ##.....
 Recall                   Summ/Tloc      N/A          1%          3    ##.....
 Spectral Weapon          Hex/Chrm       ###.....     1%          3    ##.....
 Summon Guardian Golem    Hex/Summ       ###.....     1%          3    ##.....
 Teleport Other           Tloc           ###.....     1%          3    ##.....
 Tukima's Dance           Hex            ###.....     1%          3    ##.....
 Cause Fear               Hex            ###.......   1%          4    ####...
 Ensorcelled Hibernation  Hex/Ice        ##....       2%          2    None
 Vampiric Draining        Necr           ###.......   4%          3    ##.....
 Aura of Abjuration       Summ           ###.......   4%          5    #####..
 Summon Demon             Summ           ###.......   4%          5    #####..
 Dazzling Spray           Conj/Hex       ##....       5%          3    ##.....
 Inner Flame              Hex/Fire       ##......     5%          3    ##.....
 Swiftness                Chrm/Air       #.......     10%         2    None
 Animate Dead             Necr           N/A          16%         4    ####...
 Fulminant Prism          Conj/Hex       ##........   19%         4    ####...
 Leda's Liquefaction      Hex/Erth       ##........   19%         4    ####...
 Ozocubu's Armour         Chrm/Ice       #.......     21%         3    ##.....
 Darkness                 Hex            ###.......   21%         6    #######
 Invisibility             Hex            ###.....     21%         6    #######
 Summon Ice Beast         Ice/Summ       ##......     24%         4    ####...
 Beastly Appendage        Tmut           #.....       28%         1    None
 Flame Tongue             Conj/Fire      #....        28%         1    None
 Freeze                   Ice            #...         28%         1    None
 Magic Dart               Conj           #...         28%         1    None
 Sandblast                Erth           #.....       28%         1    None
 Shock                    Conj/Air       #...         28%         1    None
 Sting                    Conj/Pois      #...         28%         1    None
 Force Lance              Conj/Tloc      ##......     30%         4    ####...
 Shadow Creatures         Summ           N/A          32%         6    #######
 Passwall                 Tmut/Erth      #.......     43%         2    None
 Poisonous Vapours        Pois/Air       #.....       43%         2    None
 Searing Ray              Conj           #.....       43%         2    None
 Sticks to Snakes         Tmut           #.......     43%         2    None
 Throw Flame              Conj/Fire      #.....       43%         2    None
 Throw Frost              Conj/Ice       #.....       43%         2    None
 Agony                    Necr           ###.....     43%         5    #####..
 Dispel Undead            Necr           ###.....     43%         5    #####..
 Excruciating Wounds      Chrm/Necr      ###.......   43%         5    #####..
 Metabolic Englaciation   Hex/Ice        ##........   50%         5    #####..
 Silence                  Hex/Air        ##........   50%         5    #####..
 Yara's Violent Unravell  Hex/Tmut       ##........   50%         5    #####..
 Conjure Flame            Conj/Fire      #.......     67%         3    ##.....
 Ignite Poison            Fire/Tmut/Pois #.......     67%         3    ##.....
 Mephitic Cloud           Conj/Pois/Air  #.......     67%         3    ##.....
 Spider Form              Tmut/Pois      #.........   67%         3    ##.....
 Static Discharge         Conj/Air       #.......     67%         3    ##.....
 Stone Arrow              Conj/Erth      #.....       67%         3    ##.....
 Summon Hydra             Summ           ###.......   90%         7    #######
 Bolt of Draining         Conj/Necr      #.........   91%         5    #####..
 Borgnjor's Vile Clutch   Necr/Erth      #.........   91%         5    #####..
 Iskenderun's Battlesphe  Conj/Chrm      #.......     91%         5    #####..
 Death Channel            Necr           ###.......   96%         6    #######
 Airstrike                Air            #.........   97%         4    ####...
 Ice Form                 Ice/Tmut       #.......     97%         4    ####...
 Iskenderun's Mystic Bla  Conj           #.......     97%         4    ####...
 Olgreb's Toxic Radiance  Pois           #.......     97%         4    ####...
 Petrify                  Tmut/Erth      #.......     97%         4    ####...
 Throw Icicle             Conj/Ice       #.......     97%         4    ####...
 Alistair's Intoxication  Tmut/Pois      #.......     100%        5    #####..
 Blade Hands              Tmut           #.........   100%        5    #####..
 Bolt of Magma            Conj/Fire/Erth #.........   100%        5    #####..
 Irradiate                Conj/Tmut      #.........   100%        5    #####..
 Lee's Rapid Deconstruct  Erth           #.........   100%        5    #####..
 Lightning Bolt           Conj/Air       #.........   100%        5    #####..
 Venom Bolt               Conj/Pois      #.........   100%        5    #####..
 Bolt of Cold             Conj/Ice       #.........   100%        6    #######
 Bolt of Fire             Conj/Fire      #.........   100%        6    #######
 Deflect Missiles         Chrm/Air       #.........   100%        6    #######
 Freezing Cloud           Conj/Ice/Air   #.........   100%        6    #######
 Hydra Form               Tmut           #.........   100%        6    #######
 Iron Shot                Conj/Erth      #.........   100%        6    #######
 Ozocubu's Refrigeration  Ice            #.........   100%        6    #######
 Simulacrum               Ice/Necr       #.........   100%        6    #######
 Statue Form              Tmut/Erth      #........    100%        6    #######
 Dragon Form              Tmut           #.........   100%        7    #######
 Orb of Destruction       Conj           #.........   100%        7    #######
 Ring of Flames           Chrm/Fire      #.........   100%        7    #######
 Spellforged Servitor     Conj/Summ      ##........   100%        7    #######
 Discord                  Hex            ###.......   100%        8    #######
 Dragon's Call            Summ           ###.......   100%        9    #######
 Blink                    Tloc           Unusable     N/A         2    N/A

Dungeon Overview and Level Annotations

Branches:
Dungeon (15/15)            Temple (0/1) D:4            Lair (6/6) D:10
 Shoals (4/4) Lair:3       Spider (4/4) Lair:4        Slime (5/5) Lair:5
    Orc (2/2) D:12            Elf (3/3) Orc:2        Vaults (5/5) D:13
  Crypt (3/3) Vaults:3       Tomb (0/3) Crypt:3      Depths (5/5) D:15
   Hell (1/1)                 Dis (0/7) Hell            Geh (0/7) Hell
    Coc (7/7) Hell            Tar (0/7) Hell            Zot (5/5) Depths:5

Altars:
Ashenzari
Cheibriados
Elyvilon
Hepliaklqana
Kikubaaqudgha
Makhleb
Nemelex Xobeh
Okawaru
Ru
Sif Muna
Uskayaw
Wu Jian
Xom
The Shining One
Beogh
Jiyva

Shops:
D:12 %   D:13 (   Orc:2 (:*[   Elf:3 ?   Shoals:4 [   Vaults:5 %   Depths:4 =}=

Portals:
Hell: Depths:1 Depths:2 Depths:4 Depths:5
Abyss: Depths:3 Depths:4
Pandemonium: Depths:2
Ziggurat: Depths:2

Annotations:
D:7 2 transporters
D:8 3 runed translucent doors, cada's ghost, novice NaVM
Lair:1 1 runed translucent door, Cityip's ghost, journeyman CeAK
Crypt:3 corrupted
Depths:2 exclusion: downstairs
Depths:3 3 runed translucent doors, Gunterle's ghost, veteran TrBe
Coc:7 corrupted
Zot:2 exclusion: upstairs


Innate Abilities, Weirdness & Mutations

You cannot be hasted, slowed, berserked, paralysed or teleported.
You can dig through walls and to a lower floor.
Your four strong arms can wield two-handed weapons with a shield.
You have a pair of large antennae on your head. (SInv)
You are somewhat resistant to further mutation.
You passively map a small area around you.
You do not regenerate when monsters are visible.
Your spells are easier to cast, but less powerful.
You expend magic power (3 MP) to strengthen your wands.


Message History

The now-empty wand crumbles to dust.
Your mana viper bites Poilleg!
Poilleg's magic leaks into the air.
You block Poilleg's attack.
You closely miss Poilleg.
Poilleg is severely wounded.
Your mana viper bites Poilleg.
Poilleg's magic leaks into the air.
You block Poilleg's attack.
You slice Poilleg!! You freeze Poilleg!
Poilleg is almost dead.
Your mana viper bites Poilleg.
Poilleg's magic leaks into the air.
Poilleg falters for a moment.
You slice Poilleg!! You freeze Poilleg.
You kill Poilleg!
Lugonu accepts your kill.
(D) Dungeon (T) Temple (L) Lair (A) Shoals (N) Spider Nest (M) Slime Pits (O) Orcish Mines (E) Elven Halls (V) Vaults (C) Crypt (W) Tomb (U) Depths (H) Hell (I) Dis (G) Gehenna (X) Cocytus (Y) Tartarus (Z) Zot
Where to? (Enter - D:1, ? - help)
What level of the Dungeon? (default 1, ? - help)
Your mana viper disappears in a puff of smoke!
Magic restored.
There is a stone staircase leading up here.
You climb upwards.
There is a stone staircase leading down here.
There is a stone staircase leading up here.
You climb upwards.
There is a stone staircase leading down here.
There is a stone staircase leading up here.
You climb upwards.
There is a stone staircase leading down here.
The phantom is too close now for your liking.
You block the phantom's attack.
You slash the phantom! You freeze the phantom.
The phantom is heavily damaged.
You block the phantom's attack.
You slash the phantom!
The phantom is severely damaged.
The phantom closely misses you.
You closely miss the phantom.
The phantom is severely damaged.
You closely miss the phantom.
The phantom is severely damaged.
You block the phantom's attack.
You slash the phantom!
The phantom is almost destroyed.
You block the phantom's attack.
You slash the phantom!
You destroy the phantom!
Lugonu accepts your kill.
Lugonu will corrupt your weapon with distortion... once.
(D) Dungeon (T) Temple (L) Lair (A) Shoals (N) Spider Nest (M) Slime Pits (O) Orcish Mines (E) Elven Halls (V) Vaults (C) Crypt (W) Tomb (U) Depths (H) Hell (I) Dis (G) Gehenna (X) Cocytus (Y) Tartarus (Z) Zot
Where to? (Enter - D:1, ? - help)
You feel a little less mighty now.
(D) Dungeon (T) Temple (L) Lair (A) Shoals (N) Spider Nest (M) Slime Pits (O) Orcish Mines (E) Elven Halls (V) Vaults (C) Crypt (W) Tomb (U) Depths (H) Hell (I) Dis (G) Gehenna (X) Cocytus (Y) Tartarus (Z) Zot
Where to? (Enter - D:1, ? - help)
There is a stone staircase leading up here.
You climb upwards.
There is a stone staircase leading down here.
A glowing orange brain comes into view.
You slice the glowing orange brain!! You freeze the glowing orange brain!
The glowing orange brain is severely wounded.
You slice the glowing orange brain!! You freeze the glowing orange brain.
You kill the glowing orange brain!
Lugonu accepts your kill.
(D) Dungeon (T) Temple (L) Lair (A) Shoals (N) Spider Nest (M) Slime Pits (O) Orcish Mines (E) Elven Halls (V) Vaults (C) Crypt (W) Tomb (U) Depths (H) Hell (I) Dis (G) Gehenna (X) Cocytus (Y) Tartarus (Z) Zot
Where to? (Enter - D:1 @ (x,y), ? - help)
Okay, then.
You sense a monster nearby.
Okay, then.
You see here a robe.
You extend your mandibles.
You dig through the rock wall.
You retract your mandibles.
An infernal demonspawn comes into view. It is wielding a +0 glaive.
A blizzard demon and a blood saint come into view.
The monstrous blood saint shouts!
The blizzard demon shouts!
The blizzard demon moves out of view.
A torturous blood saint comes into view.
It is wielding a +0 dagger.
The blizzard demon waves its arms in wide circles.
The air twists around and strikes you!
You block the infernal demonspawn's attack.
A neqoxec comes into view.
The monstrous blood saint calls on the powers of chaos!
The torturous blood saint suddenly seems more agile.
The neqoxec moves out of view.
There is a staircase leading out of the dungeon here.
You have escaped!

###.(....................####.
##.).##.####.####.####.##...##.
#..###...##...##...##...###..#.
#.## #.⌠.##.⌠.##.3.##.⌠.# ##.#.
#.####...##...##{..##...####.#.
#...###.####.####.####.###...#.
#.⌠.###.####.####.####.###.⌠.##
#............................#
##.##.(.......@..66.6....##.##
#............................#
#.⌠.###.####.####.####.###.⌠.#
#...###.####)####.####.###...#
#.####...##.).##...##...####.#
#.## #.⌠.##.).##.⌠.##.⌠.# ##.#
#..###...##...##..)##...###..##
##....#.####.####.####6##...#.#
###...............(..{...####[


You could see 2 demonspawn and an infernal demonspawn.

Vanquished Creatures
  Antaeus (Coc:7)
  the Royal Jelly (Slime:5)
  the Serpent of Hell (Coc:7)
  3 orbs of fire
  11 ancient liches
  A juggernaut (Abyss:1)
  5 Killer Klowns
  A pandemonium lord (D:5)
  The ghost of Zecsuugg the Hoplite, a veteran HOFi of Qazlal (Vaults:3)
  12 shard shrikes
  A caustic shrike (Depths:2)
  Geryon (Hell)
  5 golden dragons
  Nikola (Spider:4)
  10 bone dragons
  2 electric golems
  Arachne (Spider:4)
  11 liches
  The ghost of Seven the Severer, an adept MiMo of Qazlal (Elf:1)
  The ghost of Tovarisch the Brawler, an adept TrFi of Jiyva (Vaults:1)
  A hellephant (Abyss:2)
  13 tentacled monstrosities
  14 Ice Fiends
  A Hell Sentinel (D:14)
  Asterion (Spider:4)
  A deep elf blademaster (Elf:3)
  26 Orb Guardians
  3 titans (Vaults:5)
  The ghost of guttsta the Severer, an adept DDFi of Elyvilon (Vaults:1)
  27 acid blobs
  3 krakens
  3 quicksilver dragons
  7 death cobs
  4 sphinxes
  14 tentacled starspawn
  2 Executioners (Abyss:3)
  Frances (D:12)
  Murray (Depths:1)
  A shadow dragon (shapeshifter) (Vaults:5)
  11 shadow dragons
  8 storm dragons
  6 tengu reavers
  3 revenants
  8 fire giants
  16 deep elf sorcerers
  11 azure jellies
  5 draconian monks
  15 frost giants
  4 iron dragons
  2 orc warlords
  4 balrugs
  A ghost moth (shapeshifter) (Depths:2)
  15 vault wardens
  2 emperor scorpions
  6 ghost moths
  2 ghouls (Crypt:1)
  3 draconian knights
  2 draconian scorchers
  Louise (Depths:3)
  A curse skull (Crypt:3)
  7 cacodemons
  5 draconian shifters
  6 draconian annihilators
  18 ironheart preservers
  15 reapers
  7 deep elf elementalists
  22 stone giants
  3 elemental wellsprings (Coc:7)
  3 draconian stormcallers
  8 vampire knights
  5 deep elf demonologists
  29 very ugly things
  2 entropy weavers
  Nessos (D:12)
  6 war gargoyles
  2 grey draconians (Depths:5)
  The ghost of Caath the Blocker, a journeyman DrFi of Okawaru (Lair:5)
  4 green draconians
  5 black draconians
  6 white draconians
  4 lorocyprocas
  20 purple draconians
  11 deep elf annihilators
  5 dire elephants (Lair:6)
  5 red draconians
  4 spark wasps
  7 yellow draconians
  11 blizzard demons
  22 ettins
  4 merfolk javelineers
  7 deep elf death magi
  9 statues (WizLab)
  A crystal guardian (Vaults:4)
  An eidolon (Crypt:3)
  A green death (Coc:7)
  4 quicksilver dragon zombies
  9 fire dragons
  18 yaktaur captains
  8 death oozes (Slime:5)
  Josephine (Lair:5)
  11 deep elf high priests
  18 jiangshi
  A naga warrior (Abyss:2)
  28 vault guards
  14 great orbs of eyes
  15 merfolk impalers
  The ghost of HilariousDeathArtist the Fighter, a journeyman VSBe of Trog (D:13)
  Erolcha (D:12)
  Fannar (D:11)
  A kraken zombie (Hell)
  An anaconda (Lair:6)
  9 centaur warriors
  A quicksilver dragon skeleton (Coc:7)
  11 rakshasas
  8 hydras
  17 ogre magi
  A catoblepas (Lair:4)
  47 two-headed ogres
  21 ice dragons
  Erica (D:9)
  An anaconda (shapeshifter) (Vaults:5)
  3 death knights
  23 dancing weapons
  3 spriggan air magi
  10 deep troll shamans
  5 merfolk aquamancers
  5 merfolk avatars
  2 alligator snapping turtles (Shoals:4)
  4 orc high priests
  4 satyrs
  7 tengu warriors
  A hell hog (Hell)
  Urug (Lair:6)
  9 vampire magi
  4 spriggans
  22 thrashing horrors
  9 deep troll earth magi
  2 titan zombies
  4 spriggan berserkers
  7 sun demons
  An iron golem (Hell)
  3 soul eaters
  29 deep elf knights
  A titan skeleton (Coc:7)
  24 wretched stars
  2 storm dragon zombies (Coc:7)
  Nergalle (Lair:3)
  A salamander mystic (Depths:5)
  28 skeletal warriors
  5 iron trolls
  3 storm dragon skeletons
  An unseen horror (shapeshifter) (Abyss:3)
  6 hell knights
  10 spatial maelstroms
  A death drake (Abyss:3)
  A ghost moth zombie (Coc:2)
  6 sixfirhies
  8 flayed ghosts
  17 glowing orange brains
  30 deep trolls
  10 anaconda zombies
  3 unseen horrors
  6 shadow wraiths
  A tengu zombie (Vaults:1)
  36 starcursed masses
  5 anaconda skeletons
  9 ironbrand convokers
  6 wizards
  An obsidian statue (Zot:5)
  10 sea snakes
  4 shadow dragon zombies
  19 phantasmal warriors
  A spriggan druid (Abyss:3)
  21 deep elf archers
  7 necromancers
  18 harpies
  88 deep elf magi
  3 golden dragon skeletons
  An orb spider (shapeshifter) (Vaults:2)
  21 orb spiders
  3 wolf spider zombies
  Pikel (D:6)
  24 wolf spiders
  A mana viper (shapeshifter) (Vaults:1)
  21 orc knights
  3 frost giant zombies
  2 iron dragon skeletons (Coc:7)
  A shadow dragon skeleton (Coc:1)
  47 ugly things
  A salamander (shapeshifter) (Vaults:3)
  6 fire giant zombies
  7 worldbinders
  8 elephants
  8 orc sorcerers
  20 fauns
  2 salamanders (Depths:5)
  8 manticores
  11 shining eyes
  6 cyclopes
  2 spectral centaurs (D:12)
  12 merfolk sirens
  2 apocalypse crabs (Abyss:3)
  An elephant (shapeshifter) (Vaults:5)
  A stone giant skeleton (D:15)
  A frost giant skeleton (D:15)
  A guardian serpent (Abyss:2)
  16 moths of wrath
  A black mamba (shapeshifter) (Vaults:2)
  5 rust devils
  16 vault sentinels
  3 water nymphs (Shoals:4)
  7 black mambas
  8 gargoyles
  13 smoke demons
  A dire elephant zombie (Coc:7)
  5 torpor snails
  4 eyes of devastation
  11 fire giant skeletons
  A storm dragon simulacrum (Coc:7)
  3 hellions
  4 ice statues
  9 orange demons
  10 spiny frogs
  9 efreet
  An emperor scorpion zombie (Coc:4)
  A dire elephant skeleton (Coc:7)
  4 kobold demonologists
  16 demonic crawlers
  59 yaktaurs
  6 rime drakes
  6 hellwings
  9 komodo dragons
  30 freezing wraiths
  11 red devils
  A redback zombie (D:15)
  37 ice devils
  A yaktaur (shapeshifter) (Vaults:4)
  A catoblepas skeleton (Coc:7)
  A sea snake skeleton (Crypt:2)
  A silent spectre (Abyss:3)
  An anaconda simulacrum (Abyss:3)
  4 tengu conjurers
  7 tormentors
  2 polar bears
  A harpy zombie (Crypt:3)
  10 trolls
  27 jumping spiders
  20 ancient zymes
  A wind drake (shapeshifter) (Depths:4)
  A troll (shapeshifter) (Vaults:3)
  10 wind drakes
  7 hydra zombies
  16 hornets
  A meliai (shapeshifter) (Vaults:5)
  22 merfolk
  A jumping spider (shapeshifter) (Depths:2)
  4 hydra skeletons
  2 wolf spider simulacra
  4 ettin zombies
  Grinder (D:6)
  72 slime creatures
  15 blink frogs
  A fire dragon zombie (Coc:7)
  A dream sheep (shapeshifter) (Vaults:5)
  A bog body (Crypt:1)
  3 harpy skeletons
  A raiju (shapeshifter) (Vaults:2)
  7 snapping turtles
  34 raiju
  2 fire giant simulacra
  6 dream sheep
  3 ice dragon zombies
  A frost giant simulacrum (Coc:7)
  15 hippogriffs
  9 air elementals
  5 ettin skeletons
  8 alligator zombies
  A spriggan (shapeshifter) (Vaults:3)
  2 ice dragon skeletons (Coc:1)
  4 alligator skeletons
  64 large abominations
  21 tarantellas
  7 fire dragon skeletons
  17 wraiths
  38 water elementals
  A tarantella (shapeshifter) (Depths:2)
  2 centaur simulacra (D:13)
  A yak (shapeshifter) (Vaults:3)
  43 yaks
  40 flying skulls
  61 redbacks
  11 shadows
  17 humans (D:13)
  10 ynoxinuls
  A basilisk (shapeshifter) (Abyss:3)
  9 fire bats (Abyss:3)
  11 vampires
  4 wyverns
  A basilisk (Lair:3)
  12 neqoxecs
  12 golden eyes
  15 chaos spawn
  12 fire elementals
  6 hungry ghosts
  2 elf skeletons
  A spatial vortex (Abyss:3)
  4 steam dragons (Shoals:1)
  A swamp worm (shapeshifter) (Vaults:3)
  7 insubstantial wisps
  2 nagas (Abyss:2)
  2 hydra simulacra
  2 soldier ants
  10 wargs
  4 acid dragons
  5 spiny frog zombies
  8 water moccasins
  11 hell hounds
  2 spiny frog skeletons
  2 floating eyes
  2 spectral hornets (D:12)
  A swamp drake (Depths:3)
  53 orc warriors
  7 porcupines
  3 sky beasts
  2 floating eyes (shapeshifter)
  2 snapping turtle zombies
  18 ice beasts
  A necrophage (Crypt:1)
  A slave (D:6)
  4 black bears
  An eye of draining (shapeshifter) (Depths:3)
  11 eyes of draining
  28 centaurs
  6 phantoms
  An alligator simulacrum (Coc:1)
  2 orc zombies
  6 wolves (Lair:6)
  An ogre (shapeshifter) (Vaults:5)
  17 boggarts
  32 ogres
  A snapping turtle skeleton (Crypt:3)
  A manticore skeleton (Coc:4)
  10 crocodiles
  A hippogriff zombie (Crypt:2)
  A big kobold (D:11)
  19 bullfrogs
  6 earth elementals
  A glowing shapeshifter simulacrum (Vaults:1)
  A gnoll sergeant (D:13)
  A human skeleton (Vaults:1)
  A spiny frog simulacrum (Coc:4)
  4 scorpions
  27 wights
  5 killer bees
  5 vampire bats
  2 electric eels
  4 howler monkeys
  52 small abominations
  3 centaur zombies
  4 bullfrog zombies
  13 crimson imps
  6 quasits
  A wyvern simulacrum (D:13)
  5 centaur skeletons
  18 orc priests
  6 jellies
  3 bullfrog skeletons
  6 hounds
  5 iron imps
  3 iguanas
  21 orc wizards
  A hell rat (D:8)
  11 worker ants
  A crocodile skeleton (Crypt:1)
  A hound zombie (D:10)
  A tengu skeleton (Coc:7)
  2 mummies
  A howler monkey zombie (D:7)
  A howler monkey skeleton (D:11)
  19 adders
  9 gnolls
  6 river rats (D:8)
  3 shadow imps
  30 white imps
  4 ufetubi
  An adder zombie (D:9)
  4 adder skeletons
  3 dart slugs
  3 leopard geckos
  112 orcs
  16 bats
  3 bat skeletons (D:3)
  2 bat zombies (D:3)
  6 giant cockroaches
  6 goblins
  10 hobgoblins
  8 jackals
  7 quokkas
  3 ball pythons
  6 frilled lizards
  A giant cockroach zombie (Crypt:1)
  A goblin zombie (Crypt:1)
  A hobgoblin skeleton (Crypt:2)
  2 jackal skeletons
  21 kobolds
  A kobold skeleton (Abyss:3)
  A leopard gecko skeleton (D:5)
  3 quokka skeletons
  20 rats
  4 bushes (Abyss:3)
  8 crawling corpses
  4 fungi
  7 plants
  17 starspawn tentacles
  10 tentacles
3549 creatures vanquished.

Vanquished Creatures (collateral kills)
  2 ancient liches
  A shard shrike (Coc:7)
  A tentacled monstrosity (Vaults:5)
  An electric golem (Zot:5)
  An Ice Fiend (Coc:7)
  A lich (D:5)
  A stone giant (Depths:5)
  An ophan (Abyss:1)
  A spark wasp (Spider:4)
  A small abomination (Vaults:5)
  A fire dragon (Depths:4)
  A deep elf high priest (Vaults:5)
  A great orb of eyes (Depths:5)
  3 ice dragons (Coc:7)
  A titan skeleton (Coc:1)
  A large abomination (Abyss:1)
  2 deep trolls (Depths:4)
  A vault sentinel (Vaults:5)
  An ice statue (Coc:7)
  An orange demon (Abyss:1)
  A yaktaur (Vaults:5)
  4 red devils (Hell)
  A hydra zombie (Coc:7)
  A raiju (Abyss:3)
  A water elemental (Abyss:1)
  A warg (Vaults:5)
  An orc priest (Vaults:5)
34 creatures vanquished.

Vanquished Creatures (others)
  An Ice Fiend (Coc:7)
  A reaper (Coc:7)
  A vampire knight (Crypt:3)
  A spark wasp (Spider:4)
  A blizzard demon (Coc:7)
  A dancing weapon (Elf:3)
  A titan zombie (Crypt:3)
  2 vampire magi (Crypt:3)
  An anaconda zombie (Crypt:3)
  A deep elf mage (Elf:2)
  A wolf spider zombie (Crypt:3)
  A black mamba (Lair:5)
  A dire elephant zombie (Crypt:3)
  A smoke demon (Abyss:3)
  2 ice statues (Coc:7)
  A jumping spider (Spider:3)
  A hornet (Depths:5)
  A blink frog (Lair:1)
  2 spriggans (Depths:5)
  A vampire (Crypt:3)
  A ynoxinul (Abyss:2)
  2 tarantellas (Spider:4)
  A redback (Spider:4)
  3 water elementals
  An ice dragon skeleton (Crypt:3)
  A neqoxec (Abyss:1)
  A hell hound (Abyss:3)
  An eye of draining (Abyss:3)
  A snapping turtle skeleton (Crypt:3)
  2 wights (D:6)
  4 white imps
  An orc (D:12)
  6 bushes
  12 fungi
  2 lurking horrors
  13 plants
  5 snaplasher vines
  44 starspawn tentacles
  22 tentacles
  A withered plant (D:15)
147 creatures vanquished.

Grand Total: 3730 creatures vanquished

Notes
Turn   | Place    | Note
-------+----------+-------------------------------------------
     0 | Abyss:1  | Artagas the Formicid Abyssal Knight began the quest for the
                  | Orb.
     0 | Abyss:1  | Reached XP level 1. HP: 18/18 MP: 2/2
     0 | D:1      | Escaped the Abyss
     6 | D:1      | Reached skill level 1 in Dodging
   144 | D:1      | Reached * piety under Lugonu
   144 | D:1      | Reached XP level 2. HP: 24/24 MP: 3/3
   400 | D:1      | Reached skill level 3 in Axes
   433 | D:1      | Reached XP level 3. HP: 29/29 MP: 4/4
   796 | D:2      | Found a burning altar of Makhleb.
   796 | D:2      | Found a snail-covered altar of Cheibriados.
  1128 | D:2      | Reached XP level 4. HP: 35/35 MP: 5/5
  1151 | D:2      | Reached skill level 4 in Axes
  1202 | D:2      | Noticed a phantom
  2095 | D:3      | Found an ancient bone altar of Kikubaaqudgha.
  2125 | D:3      | Reached ** piety under Lugonu
  2125 | D:3      | Reached XP level 5. HP: 31/41 MP: 6/6
  2153 | D:3      | Reached skill level 5 in Axes
  2398 | D:3      | Reached XP level 6. HP: 41/47 MP: 7/7
  2468 | D:3      | Found a glowing golden altar of the Shining One.
  2526 | D:3      | You fall through a shaft for 2 floors!
  2526 | D:5      | Entered Level 5 of the Dungeon
  2570 | D:5      | Reached skill level 6 in Axes
  2799 | D:4      | Found a sparkling altar of Nemelex Xobeh.
  3296 | D:3      | Noticed a phantom
  3484 | D:3      | Reached XP level 7. HP: 43/52 MP: 8/8
  3622 | D:3      | Reached skill level 7 in Axes
  3967 | D:4      | Found a staircase to the Ecumenical Temple.
  4989 | D:6      | Reached *** piety under Lugonu
  5066 | D:6      | Reached skill level 8 in Axes
  5073 | D:6      | Reached XP level 8. HP: 26/58 MP: 9/9
  5550 | D:6      | Reached skill level 9 in Axes
  5550 | D:6      | Reached skill level 3 in Armour
  5553 | D:6      | Reached skill level 4 in Fighting
  5982 | D:6      | Noticed Pikel
  6003 | D:6      | Killed Pikel
  6003 | D:6      | Reached skill level 5 in Fighting
  6003 | D:6      | Reached skill level 4 in Armour
  6003 | D:6      | Reached XP level 9. HP: 67/68 MP: 10/10
  6029 | D:6      | Reached skill level 5 in Armour
  6399 | D:6      | Noticed Grinder
  6408 | D:6      | Killed Grinder
  6408 | D:6      | Reached skill level 6 in Fighting
  6602 | D:5      | Found a shattered altar of Ashenzari.
  6602 | D:5      | Found a hazy altar of Hepliaklqana.
  6605 | D:5      | Found a sacrificial altar of Ru.
  6613 | D:5      | Got a heavily runed ivory ring
  6614 | D:5      | Identified the ring "Unidog" {rCorr Dex+3} (You found it on
                  | level 5 of the Dungeon)
  6928 | D:5      | Reached skill level 10 in Axes
  7262 | D:7      | Reached skill level 1 in Evocations
  7432 | D:7      | Reached skill level 6 in Armour
  7497 | D:6      | Reached skill level 2 in Evocations
  8258 | D:7      | Found a transporter.
  8329 | D:7      | Reached skill level 7 in Fighting
  8329 | D:7      | Reached skill level 3 in Evocations
  8548 | D:7      | Found a white marble altar of Elyvilon.
  8567 | D:7      | Found a roughly hewn altar of Beogh.
  8567 | D:7      | Found a transporter.
  8604 | D:7      | Reached XP level 10. HP: 53/79 MP: 12/12
  9019 | D:7      | Reached **** piety under Lugonu
  9470 | D:8      | Reached skill level 4 in Evocations
  9898 | D:7      | Reached skill level 8 in Fighting
 10601 | D:8      | Reached skill level 5 in Evocations
 10681 | D:8      | Found a runed translucent gate.
 10682 | D:8      | Found a runed translucent gate.
 10683 | D:8      | Found a runed translucent gate.
 10685 | D:8      | Noticed cada's ghost (novice NaVM)
 11542 | D:8      | Found the +2 ratskin cloak {+Rats rPois rN+ Str-1 Int-1
                  | Dex+1}
 11842 | D:8      | Found an ornate altar of the Wu Jian Council.
 11882 | D:8      | Reached skill level 11 in Axes
 12227 | D:9      | Noticed a two-headed ogre
 12374 | D:9      | Reached skill level 6 in Evocations
 12521 | D:9      | Reached ***** piety under Lugonu
 12553 | D:9      | Reached skill level 3 in Invocations
 12599 | D:9      | Found an iron altar of Okawaru.
 12636 | D:9      | Reached skill level 9 in Fighting
 12636 | D:9      | Reached XP level 11. HP: 89/89 MP: 15/15
 12639 | D:9      | Killed a two-headed ogre
 12639 | D:9      | Reached skill level 4 in Invocations
 12671 | D:9      | You fall through a shaft for 2 floors!
 12671 | D:11     | Found a sparkling altar of Nemelex Xobeh.
 12748 | D:11     | Reached skill level 5 in Invocations
 13186 | D:10     | Entered Level 10 of the Dungeon
 13567 | D:10     | Reached skill level 10 in Fighting
 13567 | D:10     | Reached skill level 6 in Invocations
 13600 | D:10     | Found a staircase to the Lair.
 14072 | D:10     | Reached skill level 12 in Axes
 14280 | D:9      | Noticed a two-headed ogre
 14285 | D:9      | Killed a two-headed ogre
 14638 | D:9      | Noticed Erica
 14653 | D:9      | Killed Erica
 14816 | D:10     | Noticed a two-headed ogre
 14832 | D:9      | Killed a two-headed ogre
 14832 | D:9      | Reached XP level 12. HP: 37/99 MP: 14/16
 16073 | Lair:1   | Entered Level 1 of the Lair of Beasts
 16137 | Lair:1   | Reached skill level 7 in Invocations
 16373 | Lair:1   | Found a runed translucent door.
 16373 | Lair:1   | Noticed Cityip's ghost (journeyman CeAK)
 16425 | Lair:1   | Reached skill level 11 in Fighting
 16564 | Lair:1   | Noticed a seven-headed hydra
 16574 | Lair:1   | Reached skill level 7 in Armour
 16597 | Lair:1   | Killed a one-headed hydra
 16597 | Lair:1   | Reached skill level 13 in Axes
 17296 | Lair:2   | Got a dazzling shield
 17309 | Lair:1   | Identified the +2 shield "Erchaptuts" {-Tele Regen+ Int+5}
                  | (You found it on level 2 of the Lair of Beasts)
 17477 | Lair:2   | Reached skill level 1 in Shields
 18130 | Lair:3   | Noticed a five-headed hydra
 18145 | Lair:3   | Killed a two-headed hydra
 18145 | Lair:3   | Reached skill level 2 in Shields
 18355 | Lair:3   | Reached skill level 8 in Invocations
 18446 | Lair:3   | Reached XP level 13. HP: 103/106 MP: 19/19
 18456 | Lair:3   | Found a staircase to the Shoals.
 18493 | Lair:3   | Reached skill level 3 in Shields
 18532 | Lair:3   | Noticed Nergalle
 18553 | Lair:3   | Killed Nergalle
 18553 | Lair:3   | Reached skill level 8 in Armour
 19026 | Lair:4   | Found a hole to the Spider Nest.
 19026 | Lair:4   | Noticed a four-headed hydra
 19038 | Lair:3   | Killed a one-headed hydra
 19038 | Lair:3   | Reached skill level 14 in Axes
 19038 | Lair:3   | Reached skill level 4 in Shields
 19441 | Lair:4   | Reached ****** piety under Lugonu
 19532 | Lair:4   | Reached skill level 9 in Invocations
 19572 | Lair:4   | Noticed a four-headed hydra
 19587 | Lair:4   | Killed a one-headed hydra
 19728 | Lair:4   | Reached skill level 12 in Fighting
 19894 | Lair:5   | Found a runed translucent gate.
 19895 | Lair:5   | Found a runed translucent gate.
 19896 | Lair:5   | Found a runed translucent gate.
 19896 | Lair:5   | Noticed Caath's ghost (journeyman DrFi)
 19935 | Lair:5   | Reached skill level 5 in Shields
 20552 | Lair:5   | Found a staircase to the Slime Pits.
 20580 | Lair:5   | Reached skill level 9 in Armour
 20969 | Lair:5   | Noticed a catoblepas
 21081 | Lair:4   | Killed a catoblepas
 21228 | Lair:4   | Reached skill level 6 in Shields
 21643 | D:11     | Reached XP level 14. HP: 91/116 MP: 20/20
 22216 | D:11     | Noticed Fannar
 22249 | D:11     | Killed Fannar
 22378 | D:12     | Noticed Frances
 22394 | D:11     | Reached skill level 15 in Axes
 22554 | D:12     | Noticed Erolcha
 22572 | D:12     | Killed Erolcha
 22875 | D:12     | Noticed Nessos
 22886 | D:12     | Killed Nessos
 22956 | D:12     | Found a staircase to the Orcish Mines.
 23008 | D:12     | Killed Frances
 23008 | D:12     | Reached skill level 10 in Armour
 23286 | D:12     | Found a hazy altar of Hepliaklqana.
 23342 | D:12     | Found Duemyrgh's Food Emporium.
 23579 | Orc:1    | Entered Level 1 of the Orcish Mines
 23878 | Lair:6   | Entered Level 6 of the Lair of Beasts
 23878 | Lair:6   | Noticed Urug
 23985 | Lair:6   | Noticed Josephine
 23992 | Lair:6   | Killed Urug
 23992 | Lair:6   | Reached skill level 13 in Fighting
 24010 | Lair:5   | Killed Josephine
 24856 | Lair:6   | Reached skill level 16 in Axes
 25484 | Lair:6   | Noticed a dire elephant
 25484 | Lair:6   | Noticed a dire elephant
 25497 | Lair:6   | Noticed a dire elephant
 25513 | Lair:6   | Noticed a dire elephant
 25978 | Orc:1    | Reached XP level 15. HP: 124/124 MP: 21/21
 26085 | Orc:1    | Noticed an orc warlord
 26440 | D:12     | Killed an orc warlord
 26440 | D:12     | Reached skill level 11 in Armour
 26999 | Orc:1    | Found a roughly hewn altar of Beogh.
 27326 | Orc:1    | Found a roughly hewn altar of Beogh.
 27677 | Orc:2    | Entered Level 2 of the Orcish Mines
 28171 | Orc:2    | Noticed an orc warlord
 28192 | Orc:2    | Killed an orc warlord
 28448 | Orc:2    | Found Godiq's General Store.
 28453 | Orc:2    | Found a staircase to the Elven Halls.
 28456 | Orc:2    | Found Sucawoc's Antique Armour Boutique.
 28469 | Orc:2    | Reached skill level 14 in Fighting
 28509 | Orc:2    | Bought a scroll of identify for 34 gold pieces
 28567 | Orc:2    | Found Efopott's Book Emporium.
 28588 | Orc:2    | Reached skill level 17 in Axes
 28832 | Orc:2    | Found Xexkev's Antique Weapon Emporium.
 29289 | D:13     | Found a runed translucent gate.
 29343 | D:13     | Found a runed translucent gate.
 29343 | D:13     | Found a runed translucent gate.
 29546 | D:13     | Reached skill level 12 in Armour
 29604 | D:13     | Found a hide-covered altar of Uskayaw.
 29607 | D:13     | Found Gidghaliph's Antique Weapon Shop.
 29731 | D:13     | Found a gate to the Vaults.
 29746 | D:13     | Reached XP level 16. HP: 111/134 MP: 22/22
 30343 | D:13     | Noticed HilariousDeathArtist's ghost (journeyman VSBe)
 30553 | D:13     | Killed HilariousDeathArtist's ghost
 30886 | D:14     | Reached skill level 18 in Axes
 31058 | D:14     | Found a white marble altar of Elyvilon.
 31154 | D:15     | Entered Level 15 of the Dungeon
 31306 | D:15     | Reached skill level 15 in Fighting
 31480 | D:15     | Reached skill level 2 in Dodging
 31522 | D:15     | Found a staircase to the Depths.
 32613 | Lair:6   | Reached skill level 3 in Dodging
 32866 | Spider:1 | Entered Level 1 of the Spider Nest
 33435 | Spider:1 | Reached XP level 17. HP: 142/142 MP: 23/23
 33897 | Spider:2 | Reached skill level 4 in Dodging
 34480 | Spider:2 | Reached skill level 19 in Axes
 35533 | Spider:2 | Reached skill level 13 in Armour
 36056 | Spider:2 | Reached skill level 5 in Dodging
 37317 | Spider:4 | Entered Level 4 of the Spider Nest
 37373 | Spider:4 | Reached skill level 16 in Fighting
 38281 | Spider:4 | Reached XP level 18. HP: 151/151 MP: 0/24
 38805 | Spider:4 | Reached skill level 6 in Dodging
 39292 | Spider:4 | Noticed Nikola
 39385 | Spider:4 | Killed Nikola
 39522 | Spider:4 | Noticed Arachne
 39792 | Spider:4 | Killed Arachne
 39881 | Spider:4 | Reached skill level 20 in Axes
 40012 | Spider:4 | Noticed Asterion
 40054 | Spider:4 | Killed Asterion
 40154 | Spider:4 | Got a gossamer rune of Zot
 40507 | Elf:1    | Entered Level 1 of the Elven Halls
 40514 | Elf:1    | Reached skill level 14 in Armour
 40526 | Elf:1    | Reached skill level 10 in Invocations
 40689 | Elf:1    | Found a runed translucent door.
 40690 | Elf:1    | Found a shimmering altar of Xom.
 40690 | Elf:1    | Noticed Seven's ghost (adept MiMo)
 40844 | Elf:1    | Noticed an Executioner
 41379 | Elf:1    | Reached skill level 11 in Invocations
 41400 | Elf:1    | Reached skill level 17 in Fighting
 42305 | Elf:2    | Reached XP level 19. HP: 133/161 MP: 27/27
 42625 | Elf:2    | Found a runed translucent gate.
 42625 | Elf:2    | Found a runed translucent gate.
 42626 | Elf:2    | Found a runed translucent gate.
 42748 | Elf:2    | Reached skill level 7 in Shields
 42903 | Elf:2    | Reached skill level 7 in Evocations
 43930 | Elf:2    | Reached skill level 7 in Dodging
 44283 | Elf:2    | Reached skill level 8 in Shields
 45096 | Vaults:1 | Entered Level 1 of the Vaults
 45108 | Vaults:1 | Reached skill level 8 in Evocations
 45444 | Vaults:1 | Reached skill level 9 in Shields
 45450 | Vaults:1 | Reached skill level 8 in Dodging
 45605 | Vaults:1 | Found a runed translucent gate.
 45605 | Vaults:1 | Found a runed translucent gate.
 45605 | Vaults:1 | Found a runed translucent gate.
 45650 | Vaults:1 | Reached skill level 18 in Fighting
 45900 | Vaults:1 | Reached skill level 9 in Dodging
 46017 | Vaults:1 | Reached XP level 20. HP: 170/170 MP: 28/28
 46313 | Vaults:1 | Noticed Tovarisch's ghost (adept TrFi)
 46313 | Vaults:1 | Noticed guttsta's ghost (adept DDFi)
 46342 | Vaults:1 | Killed Tovarisch's ghost
 46414 | Vaults:1 | Killed guttsta's ghost
 46603 | Vaults:2 | Found a flickering gateway to a bazaar.
 46631 | Bazaar   | Entered a bazaar
 46644 | Bazaar   | Found Memeux's Antique Weapon Emporium.
 46655 | Bazaar   | Found Ulodew Kiva's Antique Weapon Shoppe.
 46671 | Bazaar   | Found Wochex's Antique Armour Emporium.
 46682 | Bazaar   | Found Sil Egga's Antique Armour Shoppe.
 46687 | Bazaar   | Bought a scorched cloak for 247 gold pieces
 46697 | Bazaar   | Identified the cursed +0 cloak of Marbles {rF+ Str+2 Int+3}
                  | (You bought it in a shop in a bazaar)
 46725 | Bazaar   | Bought a pair of runed boots for 187 gold pieces
 47227 | Vaults:2 | Reached skill level 10 in Shields
 47451 | Vaults:2 | Reached skill level 10 in Dodging
 48236 | Vaults:2 | You fall through a shaft for 2 floors!
 48252 | Vaults:4 | Reached skill level 11 in Shields
 48268 | Vaults:4 | Reached skill level 15 in Armour
 48325 | Vaults:3 | Found the +0 sword of Power
 48445 | Vaults:3 | Reached XP level 21. HP: 90/179 MP: 29/29
 48503 | Vaults:3 | HP: 25/179 [orc knight/+0 war axe (19)]
 48639 | Abyss:1  | Noticed a lich
 48645 | Abyss:1  | Killed a lich
 48735 | Vaults:3 | Escaped the Abyss
 48872 | Vaults:3 | Reached skill level 19 in Fighting
 49045 | Vaults:3 | Identified a scroll of acquirement
 49077 | Vaults:3 | Reached skill level 12 in Shields
 49086 | Vaults:3 | Reached skill level 11 in Dodging
 49600 | Vaults:3 | Found a staircase to the Crypt.
 50619 | Vaults:2 | Reached skill level 16 in Armour
 50938 | Vaults:4 | Reached XP level 22. HP: 188/188 MP: 30/30
 51068 | Vaults:4 | Reached skill level 12 in Dodging
 51404 | Vaults:4 | Reached skill level 20 in Fighting
 51549 | Vaults:4 | Reached skill level 17 in Armour
 51919 | Vaults:4 | Found a runed translucent gate.
 51919 | Vaults:4 | Found a runed translucent gate.
 51919 | Vaults:4 | Found a runed translucent gate.
 51920 | Vaults:4 | Noticed Zecsuugg's ghost (veteran HOFi)
 52227 | Vaults:3 | Killed Zecsuugg's ghost
 52373 | Vaults:3 | Reached skill level 18 in Armour
 52735 | Vaults:4 | Got a sparkling lead ring
 52737 | Vaults:4 | Identified the ring "Holu" {Fire rPois Dex+2} (You found it
                  | on level 4 of the Vaults)
 52958 | Depths:1 | Entered Level 1 of the Depths
 53773 | Elf:3    | Entered Level 3 of the Elven Halls
 53914 | Elf:3    | Found a deep blue altar of Sif Muna.
 53922 | Elf:3    | Found Eraug's Magic Scroll Boutique.
 54971 | Elf:3    | Reached XP level 23. HP: 198/198 MP: 31/31
 55006 | Elf:3    | Got a fine diamond amulet
 55009 | Elf:3    | Identified the amulet of the Harvest {RegenMP rF+ rC+++
                  | Dex-2} (You acquired it on level 3 of the Elven Halls)
 55049 | Elf:3    | Reached skill level 13 in Shields
 55757 | Elf:3    | Reached skill level 21 in Axes
 55906 | Elf:3    | Identified the +7 plate armour of the Depths {MP+9 Dex+2}
 56050 | Elf:3    | Identified the Collected Works on Slavery
 56145 | Elf:3    | Identified the Catalogue of Curses
 56151 | Elf:3    | Got a steaming zirconium amulet
 56152 | Elf:3    | Identified the amulet "Heiwn" {Inacc Dex+7} (You found it
                  | on level 3 of the Elven Halls)
 56171 | Elf:3    | Identified Adexaot's Handbook of Hexes
 56207 | Elf:3    | Identified Fuesyc's Volume of Augmentations
 56408 | Elf:1    | Killed Seven's ghost
 56408 | Elf:1    | Reached skill level 9 in Evocations
 56411 | Elf:1    | Got a flickering glass ring
 56413 | Elf:1    | Identified the ring of Fun {*Slow rElec rC+ MR+ Dex+6} (You
                  | found it on level 1 of the Elven Halls)
 56791 | Shoals:1 | Entered Level 1 of the Shoals
 57515 | Shoals:2 | Reached skill level 12 in Invocations
 58462 | Shoals:3 | Reached skill level 14 in Shields
 58908 | Shoals:4 | Entered Level 4 of the Shoals
 58908 | Shoals:4 | Found Jidghad's Armour Emporium.
 59020 | Shoals:4 | Reached skill level 10 in Evocations
 59029 | Shoals:4 | Identified the Grimoire of Enthralling Evil
 59171 | Shoals:4 | Identified the +3 buckler of Kuasiahit {rF- Str+5 Int+3
                  | Stlth+}
 59222 | Shoals:4 | Reached XP level 24. HP: 206/206 MP: 32/32
 59305 | Shoals:4 | Reached skill level 21 in Fighting
 59778 | Shoals:4 | Reached skill level 22 in Axes
 59832 | Shoals:4 | Got a barnacled rune of Zot
 59880 | Shoals:4 | Identified the ring "Idalleet" {rC- MP+9 Str+5}
 60179 | Shoals:4 | Reached skill level 15 in Shields
 61053 | Elf:3    | Bought a scroll of enchant weapon for 105 gold pieces
 61433 | Crypt:1  | Entered Level 1 of the Crypt
 61662 | Crypt:1  | Escaped the Abyss
 61682 | Crypt:1  | Found a magical portal.
 61692 | WizLab   | Entered Iskenderun's Mystic Tower
 62446 | WizLab   | Identified Iskenderun's Collected Works on Attacks
 62446 | WizLab   | Identified Iskenderun's Papyrus of Confrontation
 63062 | Crypt:2  | HP: 31/210 [flayed ghost/flay_damage[a curse skull] (13)]
 63064 | Crypt:2  | You fall through a shaft!
 63064 | Crypt:3  | Entered Level 3 of the Crypt
 63158 | Abyss:1  | Found a corrupted altar of Lugonu.
 63381 | Crypt:3  | Escaped the Abyss
 63397 | Crypt:3  | Corrupted Crypt:3
 64091 | Crypt:3  | Reached skill level 13 in Invocations
 64137 | Crypt:3  | Reached skill level 22 in Fighting
 64260 | Crypt:3  | Reached XP level 25. HP: 217/217 MP: 32/32
 64457 | Crypt:3  | Found the +8 lance "Wyrmbane" {slay drac, rPois rF+ rC+
                  | AC+3}
 64877 | Crypt:3  | Found a staircase to the Tomb.
 64941 | Crypt:3  | Got a crude bone ring
 64943 | Crypt:3  | Identified the ring of Dim Light {rPois MR- Slay+4 SInv}
                  | (You found it on level 3 of the Crypt)
 64962 | Crypt:3  | Noticed an ancient lich
 64971 | Crypt:3  | Killed an ancient lich
 64971 | Crypt:3  | Reached skill level 23 in Axes
 65314 | Crypt:3  | Noticed an ancient lich
 65329 | Crypt:3  | Killed an ancient lich
 65612 | Crypt:2  | Found an ancient bone altar of Kikubaaqudgha.
 66154 | Depths:1 | Found a gateway to Hell.
 66659 | Depths:2 | Found a gateway to a ziggurat.
 66704 | Depths:2 | Got a slimy plate armour
 66715 | Depths:2 | Identified the +10 plate armour "Licloamuom" {rPois rN+}
                  | (You found it on level 2 of the Depths)
 66861 | Depths:2 | Found a one-way gate leading to the halls of Pandemonium.
 66943 | Depths:2 | Reached skill level 23 in Fighting
 67333 | Depths:2 | Got a transparent granite ring
 67335 | Depths:2 | Identified the cursed ring of Qeheewn {rN+ AC-3 SInv} (You
                  | found it on level 2 of the Depths)
 67520 | Depths:2 | Noticed a caustic shrike
 67531 | Depths:2 | Killed a caustic shrike
 67531 | Depths:2 | Reached skill level 11 in Evocations
 67746 | Depths:2 | Reached XP level 26. HP: 228/228 MP: 32/32
 68070 | Depths:3 | Reached skill level 13 in Dodging
 68137 | Depths:3 | Found a hide-covered altar of Uskayaw.
 68266 | Depths:3 | Reached skill level 19 in Armour
 68270 | Depths:3 | Identified the amulet of Taroan {Spirit rC- Str+7 Int+4}
 68275 | Depths:3 | Reached skill level 1 in Spellcasting
 68287 | Depths:3 | Reached skill level 2 in Spellcasting
 68296 | Depths:3 | Reached skill level 3 in Spellcasting
 68323 | Depths:3 | Reached skill level 4 in Spellcasting
 68346 | Depths:3 | Learned a level 4 spell: Passage of Golubria
 68352 | Depths:3 | Learned a level 5 spell: Summon Mana Viper
 68354 | Depths:3 | Learned a level 1 spell: Animate Skeleton
 68413 | Depths:3 | Found a runed translucent gate.
 68413 | Depths:3 | Found a runed translucent gate.
 68413 | Depths:3 | Found an ancient bone altar of Kikubaaqudgha.
 68413 | Depths:3 | Found a runed translucent gate.
 68414 | Depths:3 | Noticed an ancient lich
 68414 | Depths:3 | Noticed Gunterle's ghost (veteran TrBe)
 68414 | Depths:3 | Noticed an ancient lich
 68433 | Depths:3 | Noticed Louise
 68444 | Depths:3 | Killed Louise
 68460 | Depths:3 | Found a one-way gate to the infinite horrors of the Abyss.
 68660 | Depths:2 | Reached skill level 1 in Necromancy
 68660 | Depths:2 | Reached skill level 1 in Translocations
 68736 | Depths:3 | Reached skill level 2 in Necromancy
 68741 | Depths:3 | Reached skill level 5 in Spellcasting
 68755 | Depths:3 | Reached skill level 2 in Translocations
 68838 | Depths:4 | Reached skill level 3 in Necromancy
 68914 | Depths:4 | Reached skill level 3 in Translocations
 69021 | Depths:4 | Found Xyes's Gadget Shoppe.
 69022 | Depths:4 | Found Vugifie's Jewellery Shop.
 69022 | Depths:4 | Found Gotaf Fog's Jewellery Shop.
 69056 | Depths:4 | Reached skill level 4 in Necromancy
 69062 | Depths:4 | Reached skill level 4 in Translocations
 69349 | Depths:4 | Reached skill level 5 in Translocations
 69351 | Depths:4 | Found a shattered altar of Ashenzari.
 69737 | Depths:5 | Entered Level 5 of the Depths
 69812 | Depths:4 | Reached skill level 6 in Translocations
 69976 | Depths:4 | Reached skill level 7 in Translocations
 70105 | Depths:4 | Reached skill level 8 in Translocations
 70134 | Depths:5 | Reached skill level 6 in Spellcasting
 70326 | Depths:5 | Reached XP level 27. HP: 223/235 MP: 32/32
 70341 | Depths:5 | Reached skill level 9 in Translocations
 70345 | Depths:5 | Reached skill level 7 in Spellcasting
 70383 | Depths:5 | Got a faintly glowing marble ring
 70385 | Depths:5 | Identified the ring of Peoxzot {*Corrode +Fly Dex+7} (You
                  | acquired it on level 5 of the Depths)
 70494 | Depths:5 | Found a shattered altar of Ashenzari.
 70874 | Depths:5 | Reached skill level 8 in Spellcasting
 70912 | Depths:5 | Found a gate to the Realm of Zot.
 71615 | Depths:3 | Voluntarily entered the Abyss.
 71727 | Abyss:2  | Reached skill level 10 in Translocations
 71770 | Abyss:2  | Found a corrupted altar of Lugonu.
 71778 | Abyss:2  | Reached skill level 1 in Hexes
 71782 | Abyss:2  | Reached skill level 1 in Summonings
 71809 | Abyss:2  | Reached skill level 2 in Hexes
 71852 | Abyss:2  | Reached skill level 2 in Summonings
 72026 | Abyss:2  | Reached skill level 3 in Hexes
 72174 | Abyss:2  | Reached skill level 3 in Summonings
 72177 | Abyss:2  | Reached skill level 4 in Hexes
 72216 | Abyss:2  | Learned a level 3 spell: Regeneration
 72268 | Abyss:2  | Reached skill level 1 in Charms
 72319 | Abyss:2  | Reached skill level 2 in Charms
 72357 | Abyss:2  | Reached skill level 5 in Necromancy
 72384 | Abyss:2  | Reached skill level 3 in Charms
 72414 | Abyss:2  | Reached skill level 4 in Charms
 72420 | Abyss:2  | Reached skill level 6 in Necromancy
 72549 | Abyss:3  | Found a corrupted altar of Lugonu.
 72659 | Abyss:3  | Reached skill level 5 in Charms
 72710 | Abyss:3  | Gained mutation: Your spells are a little easier to cast,
                  | but a little less powerful. [a neqoxec]
 72729 | Abyss:3  | Reached skill level 7 in Necromancy
 72903 | Abyss:3  | Reached skill level 6 in Charms
 72983 | Abyss:3  | Reached skill level 4 in Summonings
 73018 | Abyss:3  | Reached skill level 5 in Hexes
 73223 | Abyss:3  | Reached skill level 7 in Charms
 73257 | Abyss:3  | Reached skill level 6 in Hexes
 73257 | Abyss:3  | Reached skill level 5 in Summonings
 73277 | Abyss:3  | Found a corrupted altar of Lugonu.
 73308 | Abyss:3  | Found an opulent altar of Gozag.
 73502 | Abyss:3  | Reached skill level 7 in Hexes
 73517 | Abyss:3  | Reached skill level 6 in Summonings
 73722 | Abyss:3  | Reached skill level 8 in Hexes
 73780 | Abyss:3  | Reached skill level 7 in Summonings
 73921 | Abyss:3  | Reached skill level 9 in Hexes
 74052 | Abyss:3  | Gained mutation: You are weak. (Str -2) [a cacodemon]
 74061 | Abyss:3  | Gained mutation: You are very weak. (Str -4) [a shining
                  | eye]
 74105 | Abyss:3  | Reached skill level 8 in Summonings
 74174 | Abyss:3  | Found a shattered altar of Ashenzari.
 74310 | Abyss:3  | Reached skill level 10 in Hexes
 74346 | Abyss:3  | Gained mutation: You occasionally shout uncontrollably at
                  | your foes. [a neqoxec]
 74349 | Abyss:3  | Gained mutation: Your spells are easier to cast, but less
                  | powerful. [a neqoxec]
 74382 | Abyss:3  | Found a corrupted altar of Lugonu.
 74477 | Abyss:3  | Reached skill level 9 in Summonings
 74574 | Abyss:3  | Reached skill level 11 in Hexes
 74630 | Abyss:3  | Gained mutation: Armour fits poorly on your strangely
                  | shaped body. [a neqoxec]
 74765 | Abyss:3  | Gained mutation: Your mind is acute. (Int +2) [a neqoxec]
 74905 | Abyss:3  | Gained mutation: Your spells are much easier to cast, but
                  | much less powerful. [a neqoxec]
 75056 | Abyss:3  | Reached skill level 10 in Summonings
 75171 | Abyss:3  | Reached skill level 12 in Hexes
 75173 | Abyss:3  | Gained mutation: Your body sometimes deteriorates upon
                  | taking damage. [a cacodemon]
 75178 | Abyss:3  | Lost mutation: Your mind is acute. (Int +2) [a cacodemon]
 75235 | Abyss:3  | Reached skill level 11 in Summonings
 75301 | Abyss:3  | Got an abyssal rune of Zot
 75302 | Depths:3 | Escaped the Abyss
 75537 | Vaults:4 | Lost mutation: You occasionally shout uncontrollably at
                  | your foes. [potion of mutation]
 75537 | Vaults:4 | Lost mutation: Your body sometimes deteriorates upon taking
                  | damage. [potion of mutation]
 75537 | Vaults:4 | Gained mutation: You passively map a small area around you.
                  | [potion of mutation]
 75537 | Vaults:4 | Gained mutation: Your magical capacity is low. (-10% MP)
                  | [potion of mutation]
 75537 | Vaults:4 | Gained mutation: You have large cloven feet. [potion of
                  | mutation]
 75538 | Vaults:4 | Lost mutation: You have large cloven feet. [potion of
                  | mutation]
 75538 | Vaults:4 | Lost mutation: Your magical capacity is low. (-10% MP)
                  | [potion of mutation]
 75538 | Vaults:4 | Lost mutation: Armour fits poorly on your strangely shaped
                  | body. [potion of mutation]
 75538 | Vaults:4 | Lost mutation: Your spells are much easier to cast, but
                  | much less powerful. [potion of mutation]
 75538 | Vaults:4 | Lost mutation: Your spells are easier to cast, but less
                  | powerful. [potion of mutation]
 75538 | Vaults:4 | Gained mutation: You are robust. (+10% HP) [potion of
                  | mutation]
 75538 | Vaults:4 | Gained mutation: Your flesh is cold resistant. (rC+)
                  | [potion of mutation]
 75581 | Vaults:5 | Entered Level 5 of the Vaults
 75897 | Vaults:5 | Reached skill level 13 in Hexes
 75925 | Vaults:5 | Identified the amulet "Xakyumij" {Reflect Fragile rPois
                  | MR++ Dex+2 SH+4}
 75968 | Vaults:5 | Noticed an ancient lich
 75982 | Vaults:5 | Killed an ancient lich
 75982 | Vaults:5 | Reached skill level 12 in Summonings
 76173 | Vaults:5 | Reached skill level 14 in Dodging
 76187 | Vaults:5 | Learned a level 5 spell: Summon Forest
 76190 | Vaults:5 | Learned a level 2 spell: Song of Slaying
 76210 | Vaults:5 | Found Ypiloah's Food Shop.
 76320 | Vaults:5 | Reached skill level 20 in Armour
 76376 | Vaults:5 | Reached skill level 9 in Spellcasting
 76445 | Vaults:5 | Reached skill level 11 in Translocations
 76621 | Vaults:5 | Reached skill level 15 in Dodging
 76751 | Vaults:5 | Identified the +1 robe of the Fiend {*Drain +Fly rElec rF+}
 76931 | Vaults:5 | Identified the +6 arbalest of Classification {penet, rPois
                  | rN+ Str-3 Dex+3}
 76978 | Vaults:5 | Noticed an ancient lich
 76979 | Vaults:5 | Identified the ring "Diqall" {+Fly rPois Int-3 SInv}
 77118 | Vaults:4 | Killed an ancient lich
 77324 | Vaults:5 | Got a silver rune of Zot
 78487 | Lair:5   | Killed Caath's ghost
 78547 | Slime:1  | Entered Level 1 of the Pits of Slime
 78673 | Slime:1  | Learned a level 1 spell: Summon Butterflies
 78674 | Slime:1  | Found a viscous altar of Jiyva.
 78744 | Slime:2  | Gained mutation: You do not regenerate when monsters are
                  | visible. [a shining eye]
 78745 | Slime:2  | Gained mutation: You occasionally shout uncontrollably at
                  | your foes. [a shining eye]
 78749 | Slime:2  | Gained mutation: Your body sometimes deteriorates upon
                  | taking damage. [a shining eye]
 78913 | Slime:2  | Gained mutation: Scrolls take you a little longer to read.
                  | [a shining eye]
 78913 | Slime:2  | Lost mutation: You occasionally shout uncontrollably at
                  | your foes. [a shining eye]
 79365 | Slime:4  | Gained mutation: Your body often deteriorates upon taking
                  | damage. [a shining eye]
 79368 | Slime:4  | Lost mutation: You are very weak. (Str -4) [a shining eye]
 79393 | Slime:4  | Lost mutation: Your body often deteriorates upon taking
                  | damage. [a shining eye]
 79394 | Slime:4  | Gained mutation: You are dopey. (Int -2) [a shining eye]
 79456 | Slime:5  | Entered Level 5 of the Pits of Slime
 79649 | Slime:5  | Noticed the Royal Jelly
 79725 | Slime:5  | Killed the Royal Jelly
 79725 | Slime:5  | Reached skill level 24 in Fighting
 79948 | Slime:5  | Reached skill level 24 in Axes
 80038 | Slime:5  | Identified Vatore's Reference Book on Unstable Boosts
 80052 | Slime:5  | Identified the Guide on Ashen Lightness
 80089 | Slime:5  | Got a slimy rune of Zot
 80738 | Hell     | Entered the Vestibule of Hell
 80738 | Hell     | Noticed Geryon
 80998 | Hell     | Noticed Murray
 81006 | Hell     | Killed Geryon
 81368 | Depths:1 | Lost mutation: Scrolls take you a little longer to read.
                  | [potion of mutation]
 81368 | Depths:1 | Lost mutation: You are weak. (Str -2) [potion of mutation]
 81368 | Depths:1 | Gained mutation: You expend magic power (3 MP) to
                  | strengthen your wands. [potion of mutation]
 81368 | Depths:1 | Gained mutation: You are somewhat resistant to further
                  | mutation. [potion of mutation]
 81386 | Depths:1 | Killed Murray
 81615 | Hell     | Found a gateway to the Iron City of Dis.
 81858 | Hell     | Found a gateway to the ashen valley of Gehenna.
 82134 | Hell     | Found a gateway to the decaying netherworld of Tartarus.
 82175 | Hell     | Found a gateway to the freezing wastes of Cocytus.
 82352 | Coc:1    | Entered Level 1 of Cocytus
 82460 | Coc:1    | Noticed a shard shrike
 82471 | Coc:1    | Killed a shard shrike
 82592 | Coc:2    | Noticed a shard shrike
 82618 | Coc:2    | Killed a shard shrike
 82856 | Coc:3    | Reached skill level 25 in Fighting
 83174 | Coc:4    | Reached skill level 25 in Axes
 83304 | Coc:4    | Noticed a shard shrike
 83321 | Coc:4    | Killed a shard shrike
 83585 | Coc:4    | You fall through a shaft for 2 floors!
 83771 | Coc:7    | Entered Level 7 of Cocytus
 84089 | Coc:7    | Lost mutation: Your body sometimes deteriorates upon taking
                  | damage. [potion of mutation]
 84089 | Coc:7    | Lost mutation: You are dopey. (Int -2) [potion of mutation]
 84089 | Coc:7    | Lost mutation: You are robust. (+10% HP) [potion of
                  | mutation]
 84089 | Coc:7    | Lost mutation: Your flesh is cold resistant. (rC+) [potion
                  | of mutation]
 84619 | Coc:7    | Reached skill level 26 in Axes
 84774 | Coc:7    | Noticed a shard shrike
 84793 | Coc:7    | Killed a shard shrike
 84794 | Coc:7    | Noticed a shard shrike
 84803 | Coc:7    | Noticed a shard shrike
 84805 | Coc:7    | Killed a shard shrike
 84807 | Coc:7    | Noticed a shard shrike
 84807 | Coc:7    | Noticed a shard shrike
 84811 | Coc:7    | Killed a shard shrike
 84814 | Coc:7    | Killed a shard shrike
 84820 | Coc:7    | Killed a shard shrike
 84873 | Coc:7    | Got a flickering golden ring
 84874 | Coc:7    | Identified the ring of Qaatamir {Ice SInv} (You found it on
                  | level 7 of Cocytus)
 85103 | Coc:7    | Noticed a shard shrike
 85107 | Coc:7    | Killed a shard shrike
 85188 | Coc:7    | Noticed a shard shrike
 85220 | Coc:7    | Killed a shard shrike
 85229 | Coc:7    | Noticed a shard shrike
 85242 | Coc:7    | Killed a shard shrike
 85317 | Coc:7    | Noticed a shard shrike
 85330 | Coc:7    | Killed a shard shrike
 85774 | Coc:7    | Noticed the Serpent of Hell
 85799 | Coc:7    | Killed the Serpent of Hell
 85799 | Coc:7    | Reached skill level 12 in Evocations
 86172 | Coc:7    | Noticed Antaeus
 86203 | Abyss:1  | HP: 29/242 [starcursed mass/accursed screaming (9)]
 86206 | Abyss:1  | HP: 5/242 [daeva/divine providence (12)]
 86207 | Coc:7    | Escaped the Abyss
 86232 | Abyss:1  | Noticed a juggernaut
 86244 | Abyss:1  | Killed a juggernaut
 86291 | Abyss:1  | HP: 35/242 [starcursed mass/accursed screaming (7)]
 86296 | Abyss:1  | HP: 25/242 [starcursed mass/accursed screaming (10)]
 86303 | Abyss:1  | HP: 18/242 [revenant] (7)]
 86480 | Abyss:1  | Reached skill level 27 in Axes
 86519 | Abyss:1  | Reached skill level 16 in Dodging
 86542 | Abyss:1  | Reached skill level 13 in Evocations
 86649 | Coc:7    | Escaped the Abyss
 86650 | Coc:7    | Corrupted Coc:7
 86714 | Coc:7    | Got an icy rune of Zot
 86753 | Coc:7    | Killed Antaeus
 86754 | Coc:7    | Reached skill level 21 in Armour
 86878 | Coc:7    | Noticed a shard shrike
 86890 | Coc:7    | Killed a shard shrike
 87037 | Depths:4 | Bought a sack of spiders for 460 gold pieces
 87037 | Depths:4 | Bought a sack of spiders for 460 gold pieces
 87037 | Depths:4 | Bought a box of beasts for 460 gold pieces
 87049 | Depths:4 | Bought the ring "Iqithu" {Fire Int+4 Dex+4 Slay+2 SInv} for
                  | 736 gold pieces
 87132 | Zot:1    | Entered Level 1 of the Realm of Zot
 87175 | Zot:2    | Noticed an ancient lich
 87175 | Zot:2    | Noticed a Killer Klown
 87176 | Zot:2    | Noticed a Killer Klown
 87757 | Zot:1    | Reached skill level 14 in Evocations
 87849 | Zot:1    | Noticed an orb of fire
 87868 | Zot:1    | Killed an orb of fire
 87872 | Zot:1    | Noticed an orb of fire
 87873 | Zot:1    | Noticed an orb of fire
 87879 | Zot:1    | You fall through a shaft!
 87923 | Zot:2    | Killed a Killer Klown
 88011 | Zot:2    | Noticed a Killer Klown
 88031 | Zot:2    | Killed a Killer Klown
 88175 | Zot:2    | Killed a Killer Klown
 88216 | Zot:2    | Killed an ancient lich
 88347 | Zot:3    | Reached skill level 17 in Dodging
 88376 | Zot:5    | Entered Level 5 of the Realm of Zot
 88599 | Zot:5    | Reached skill level 15 in Evocations
 88940 | Zot:5    | Reached skill level 22 in Armour
 89704 | Zot:5    | Noticed an ancient lich
 89717 | Zot:5    | Killed an ancient lich
 89843 | Zot:5    | Noticed an ancient lich
 89885 | Zot:5    | Noticed a Killer Klown
 89887 | Zot:5    | Killed an ancient lich
 89897 | Zot:5    | Reached skill level 26 in Fighting
 89904 | Zot:5    | Killed a Killer Klown
 89905 | Zot:5    | Noticed an ancient lich
 89923 | Zot:5    | Killed an ancient lich
 90039 | Zot:5    | Noticed an ancient lich
 90105 | Zot:5    | Killed an ancient lich
 90194 | Zot:5    | Noticed an ancient lich
 90229 | Zot:5    | Killed an ancient lich
 90361 | Zot:5    | Noticed an orb of fire
 90362 | Zot:5    | Gained mutation: Your spells are easier to cast, but less
                  | powerful. [an orb of fire]
 90375 | Zot:5    | Killed an orb of fire
 90419 | Zot:5    | Reached skill level 18 in Dodging
 90657 | Zot:5    | Noticed an orb of fire
 90677 | Zot:5    | Killed an orb of fire
 91118 | Zot:5    | Noticed a Killer Klown
 91145 | Zot:5    | Killed a Killer Klown
 91145 | Zot:5    | Reached skill level 23 in Armour
 91274 | Zot:5    | Noticed an ancient lich
 91282 | Zot:5    | Noticed an ancient lich
 91286 | Zot:5    | Killed an ancient lich
 91301 | Zot:5    | Killed an ancient lich
 91318 | Zot:5    | Noticed an ancient lich
 91330 | Zot:5    | Killed an ancient lich
 91814 | Zot:5    | Got the Orb of Zot
 92357 | D:5      | Noticed Poilleg the pandemonium lord
 92377 | D:5      | Killed Poilleg the pandemonium lord
 92494 | D:$      | Escaped with the Orb!

Skill      XL: |  1  2  3  4  5  6  7  8  9 10 11 12 13 14 15 16 17 18 19 20 21 22 23 24 25 26 27 |
---------------+----------------------------------------------------------------------------------+-----
Dodging        | 1 3 5 6 9 10 11 12 13 18 | 18.7
Axes           | 3 4 5 6 8 9 10 11 12 13 14 16 17 18 19 20 21 22 23 27 | 27.0
Armour         | 4 6 7 9 10 12 13 14 15 16 18 19 23 | 23.4
Fighting       | 5 7 9 10 11 12 13 14 15 16 17 18 19 20 22 23 26 | 26.8
Evocations     | 3 6 8 10 11 15 | 15.0
Invocations    | 3 6 8 9 11 12 13 | 13.0
Shields        | 2 6 9 11 12 14 15 | 15.0
Spellcasting   | 6 9 |  9.0
Necromancy     | 4 7 |  7.0
Translocations | 8 11 | 11.0
Hexes          | 13 | 13.0
Summonings     | 12 | 12.0
Charms         | 7 |  7.0

Action                   |  1- 3 |  4- 6 |  7- 9 | 10-12 | 13-15 | 16-18 | 19-21 | 22-24 | 25-27 || total
-------------------------+-------+-------+-------+-------+-------+-------+-------+-------+-------++-------
Melee: Hand axe          |   103 |   232 |   371 |   834 |  1214 |     8 |       |       |       ||  2762
       Battleaxe         |       |       |       |       |   255 |   776 |  1292 |  1759 |  5516 ||  9598
       Broad axe         |       |       |       |       |   220 |   392 |       |       |       ||   612
       Executioner's axe |       |       |       |       |       |       |       |    40 |   199 ||   239
Throw: Stone             |       |     3 |       |    11 |     6 |       |       |       |       ||    20
       Throwing net      |       |       |       |       |     5 |     1 |       |       |     5 ||    11
       Javelin           |       |       |       |       |       |     6 |       |    12 |     1 ||    19
 Cast: Animate Skeleton  |       |       |       |       |       |       |       |       |    26 ||    26
       Regeneration      |       |       |       |       |       |       |       |       |   160 ||   160
       Summon Mana Viper |       |       |       |       |       |       |       |       |    94 ||    94
       Passage of Golubr |       |       |       |       |       |       |       |       |    29 ||    29
       Summon Forest     |       |       |       |       |       |       |       |       |    16 ||    16
       Summon Butterflie |       |       |       |       |       |       |       |       |     2 ||     2
       Song of Slaying   |       |       |       |       |       |       |       |       |     1 ||     1
Invok: Depart the Abyss  |     1 |       |       |       |       |       |     1 |     2 |     3 ||     7
       Bend Space        |       |       |     1 |     4 |     8 |     4 |     3 |     2 |     5 ||    27
       Enter the Abyss   |       |       |       |       |       |       |     1 |     2 |     2 ||     5
       Corrupt           |       |       |       |       |       |       |       |     1 |     1 ||     2
 Abil: Dig               |       |       |     2 |     2 |     1 |    20 |     7 |    15 |    25 ||    72
       Evoke Ratskin     |       |       |       |       |       |     1 |       |       |       ||     1
       Evoke Invisibilit |       |       |       |       |       |       |       |     2 |     4 ||     6
       Shaft Self        |       |       |       |       |       |       |       |     1 |     1 ||     2
Evoke: Wand              |       |       |     7 |    14 |    17 |     8 |       |     8 |    33 ||    87
       Lightning rod     |       |       |       |       |       |     4 |       |       |       ||     4
       Sack of spiders   |       |       |       |       |       |       |       |       |     7 ||     7
       Phantom mirror    |       |       |       |       |       |       |       |       |     4 ||     4
       Horn of Geryon    |       |       |       |       |       |       |       |       |     1 ||     1
       Box of beasts     |       |       |       |       |       |       |       |       |     1 ||     1
  Use: Scroll            |     3 |       |     4 |     7 |    12 |     8 |     8 |    12 |    40 ||    94
       Potion            |       |       |       |     1 |     3 |    15 |     5 |     5 |    36 ||    65
 Stab: Confused          |       |       |     2 |       |       |       |       |       |       ||     2
       Distracted        |       |       |       |     1 |       |     1 |       |     3 |    21 ||    26
       Petrified         |       |       |       |       |     3 |       |       |       |     1 ||     4
       Petrifying        |       |       |       |       |     1 |       |       |       |       ||     1
       Paralysed         |       |       |       |       |    11 |     2 |       |     9 |     6 ||    28
       Held in net/web   |       |       |       |       |     3 |     2 |       |       |     2 ||     7
       Invisible         |       |       |       |       |       |       |       |     3 |    26 ||    29
  Eat: Chunk             |     1 |     7 |    14 |    29 |    40 |    33 |    24 |    27 |    40 ||   215
       Ration            |       |       |     1 |     1 |       |     3 |     5 |     7 |    40 ||    57
Armor: Leather armour    |     8 |       |       |       |       |       |       |       |       ||     8
       Ring mail         |    44 |     2 |       |       |       |       |       |       |       ||    46
       Chain mail        |       |   225 |    65 |       |       |       |       |       |       ||   290
       Plate armour      |       |       |   101 |   427 |   652 |   706 |   316 |   529 |  1955 ||  4686
Dodge: Dodged            |    67 |   109 |    99 |   183 |   220 |   349 |   291 |   514 |  1849 ||  3681
Block: Shield            |       |       |       |    57 |   783 |   754 |   606 |  1013 |   376 ||  3589
       Large shield      |       |       |       |       |       |       |       |       |  4970 ||  4970

Levels and vault maps discovered:
D:1:      dpeg_arrival_chambers_temple_mockup, layout_basic
D:2:      layout_loops_ring, gammafunk_temple_overflow_elements, first_ration
D:3:      layout_loops_ring, nicolae_tso_carved_into_rock,
          kennysheep_vampire_church
D:4:      layout_basic, nemelex_xobeh_ov_fountains_minmay,
          minmay_temple_entry_junction
D:5:      layout_basic, nicolae_overflow_hidden_temple
D:6:      layout_basic, uniq_grinder, uniq_pikel
D:7:      gammafunk_beogh_shrine, layout_layer_cave, kennysheep_mini_moat
D:8:      wander_guarded_unrand_ratskin, layout_rooms, marbit_many_paths,
          gammafunk_ghost_spectres, grunt_ogre_cave
D:9:      layout_loops_ring, lemuel_round_altar, palyth_stone_intersect,
          uniq_erica
D:10:     layout_roguey, grunt_lair_entry_orc_guard_hut,
          minmay_fractal_squares_gapless_5
D:11:     layout_roguey, basic_altar, uniq_fannar
D:12:     layout_basic, orc_0_dummy, basic_altar, serial_shops,
          nicolae_shop_crystal, minmay_fountain_box, uniq_frances, uniq_nessos,
          uniq_erolcha
D:13:     layout_cave_pools, grunt_vaults_entry_tiered, serial_shops, shop,
          gammafunk_ghost_necromancy, basic_altar, minmay_beelzebubs_servants
D:14:     layout_big_octagon, basic_altar
D:15:     gammafunk_depths_entry_grave, layout_rooms
Lair:1:   layout_chaotic_city, gammafunk_ghost_grave, lemuel_fruit_fields,
          grunt_megastairs_2
Lair:2:   layout_cave_shapes, nicolae_quartered_pool_medium, minmay_holes,
          roderic_batcave, serial_bayou_shore_b, serial_bayou_shore_a,
          lemuel_fruit_tree
Lair:3:   layout_long_grid, elwin_shoals_entry_rocks, grunt_megastairs_3,
          uniq_nergalle
Lair:4:   layout_cave_shapes, dummy_spider_entry
Lair:5:   layout_cave_pods, minmay_slime_entry_pillars, gammafunk_ghost_split,
          lemuel_fruit_fields
Lair:6:   due_jungle_book, layout_big_grid, uniq_urug, uniq_josephine
Shoals:1: nicolae_shoals_island_circles, layout_shoals,
          nicolae_shoals_drake_roost
Shoals:2: layout_shoals
Shoals:3: layout_shoals
Shoals:4: shoals_end_grunt_ice, layout_shoals, serial_shops, nicolae_shop_trees,
          nicolae_shoals_square_sea_wall
Spider:1: layout_spider_delve
Spider:2: layout_spider_delve
Spider:3: layout_spider_delve
Spider:4: johnstein_spider_rune_arachne_lair, uniq_nikola, uniq_arachne,
          uniq_asterion
Slime:1:  layout_caves, basic_altar, cheibrodos_slime_lost_civilization_5
Slime:2:  layout_caves, basic_altar
Slime:3:  layout_caves
Slime:4:  layout_caves
Slime:5
Orc:1:    orc_temple, layout_caves, basic_altar
Orc:2:    grunt_orc_gardens, layout_caves, grunt_orc_garden, grunt_orc_garden,
          grunt_orc_garden, grunt_orc_garden
Elf:1:    layout_loops_cross, serial_glass, glass_columns_a, glass_columns_a,
          ebering_ghost_xom, minivault_28
Elf:2:    layout_geoelf_diagonals, lemuel_elevator
Elf:3:    minmay_elf_hall_hex, layout_onion_city, serial_shops, shop,
          basic_altar
Vaults:1: gammafunk_vaults_ghost_cemetery, hangedman_vaults_slice,
          ontoclasm_vaults_fault, grunt_vaults_funnel, ontoclasm_vaults_gateway,
          v_misc_27, nicolae_vaults_angled_halls, vaults_dpeg_diagonal,
          hangedman_vaults_trim, v_misc_15, v_pattern_1,
          ontoclasm_vaults_ligature, vaults_room_large_hall,
          nicolae_vaults_little_squares_1, vaults_dpeg_ring,
          layout_vaults_omnibox
Vaults:2: vaults_mumra_chevron, v_misc_4, st_lattice, vaults_mumra_hexcomb,
          v_pattern_5, v_alt_pattern_2, nicolae_vaults_network_square,
          ontoclasm_vaults_chip, nicolae_vaults_theta, layout_vaults_quadrants,
          serial_shops, bzr_entry_lakeside
Vaults:3: grunt_vaults_swirl, vaults_dpeg_doors, minmay_crypt_entry_vampire_xt,
          v_rooms_3, dpeg_vaults_monster_doublerow, hangedman_vaults_cutoff,
          hangedman_vaults_unwind, grunt_vaults_hallway_short,
          hangedman_vaults_nodes, grunt_vaults_trifunnel, vaults_dpeg_hooks,
          vaults_dpeg_encased_lava, vaults_room_semicircle,
          nicolae_vaults_little_squares_4, nicolae_vaults_gold_heap,
          ontoclasm_vaults_decontamination, layout_vaults_ring
Vaults:4: gammafunk_vaults_ghost_tricky_traps, v_rooms_2,
          hangedman_vaults_stream, vaults_mumra_hex, ontoclasm_vaults_shout,
          vaults_mumra_minichess_inversion, v_rooms_4,
          grunt_vaults_hallway_long, nicolae_vaults_circle_grid_b,
          vaults_room_fancy_cross, layout_vaults_maze
Vaults:5: serial_shops
Crypt:1:  layout_basic, gammafunk_ghost_crypt, infiniplex_enter_wizlab_water
Crypt:2:  layout_chaotic_city, weyrava_vampire_temple
Crypt:3:  quadcrypt_mu
Depths:1: layout_basic, hell_entry, minmay_misc_feat_diagonals, ice2_lemuel
Depths:2: little_maze_vault, layout_basic, enter_ziggurat_a, pan_entry,
          serial_sigils_hangedman_quiver, hangedman_coc_ice_floe,
          minmay_staircase_windowed_small
Depths:3: regret_index_uskayaw_diablada_macabre, layout_basic,
          nicolae_abyss_entry_one_way_or_another, grunt_pan_entry_spiral,
          pf_dread_powers_of_hell, gammafunk_ghost_crypt,
          hangedman_decor_diamond_cutter, minmay_misc_feat_plants,
          serial_bayou_shore_b
Depths:4: gold_lair_mu, layout_cave_pools, abyss_entry, patterned_corridor,
          lightli_too_deep, ashenzari_altar_1, infiniplex_staircase_trident,
          minmay_shop_grove
Depths:5: evilmike_zot_entry_gauntlet, layout_cave_pools, lemuel_round_altar,
          hangedman_tar_grid_catacomb, serial_bayou_shore_b
Hell
Coc:1:    layout_ice_bergs
Coc:2:    layout_ice_bergs
Coc:3:    layout_cocytus_water_paths
Coc:4:    layout_ice_bergs
Coc:6:    layout_ice_bergs
Coc:7:    coc_mu
Zot:1:    layout_basic, gammafunk_ghost_arena, lemuel_lake_of_fire
Zot:2:    ebering_klown_carousel, layout_misc_corridors
Zot:3:    layout_concentric_octagons
Zot:4:    layout_gridlike, nicolae_lava_and_water
Zot:5:    layout_gridlike
Abyss:1:  hangedman_abyss_river_spirits
Abyss:2:  evilmike_abyss_exit_kraken, guppyfry_abyss_exit_glass_guarded
Abyss:3
Bazaar:   bazaar_minmay_armour_weapon
WizLab:   wizlab_iskenderun

Table legend:
 A = Turns spent in this place as a percentage of turns spent in the entire game.
 B = Non-inter-level travel turns spent in this place as a percentage of non-inter-level travel turns spent in the entire game.
 C = Inter-level travel turns spent in this place as a percentage of turns spent in this place.
 D = Turns resting spent in this place as a percentage of non-inter-level travel turns spent in this place.
 E = Turns spent auto-exploring this place as a percentage of non-inter-level travel turns spent in this place.
 F = Non-inter-level travel turns spent in this place divided by the number of levels of this place that you've seen.
                   A       B       C       D       E      F
               +-------+-------+-------+-------+-------+----------------------
         Total | 100.0 | 100.0 |   8.7 |  26.9 |  37.4 | 1125.4
       Dungeon |  26.0 |  25.7 |  10.1 |  28.3 |  47.3 | 1444.0
          Lair |   9.6 |   9.1 |  12.6 |  20.8 |  51.2 | 1286.3
        Shoals |   4.1 |   4.2 |   5.1 |   7.5 |  53.0 | 891.0
   Spider Nest |   8.0 |   8.3 |   5.9 |  46.4 |  29.4 | 1741.2
    Slime Pits |   1.9 |   2.0 |   5.5 |  41.7 |  17.0 | 332.6
  Orcish Mines |   3.1 |   3.0 |  11.1 |  29.7 |  40.9 | 1275.5
   Elven Halls |   8.0 |   7.7 |  11.9 |  37.1 |  29.3 | 2169.7
        Vaults |  11.4 |  10.9 |  12.7 |  14.3 |  51.3 | 1835.6
         Crypt |   3.1 |   3.3 |   3.8 |  11.9 |  36.0 | 929.0
        Depths |   7.9 |   7.6 |  11.1 |  23.0 |  45.4 | 1291.0
          Hell |   1.1 |   1.2 |   5.9 |  34.9 |  27.4 | 980.0
       Cocytus |   4.5 |   4.8 |   1.3 |  28.8 |   1.8 | 678.0
           Zot |   4.9 |   5.1 |   5.5 |  40.8 |  17.5 | 864.0
         Abyss |   5.2 |   5.8 |   0.0 |  19.5 |   4.4 | 539.3
        Bazaar |   0.2 |   0.2 |   0.0 |   0.0 |  39.3 | 163.0
        Wizlab |   1.0 |   1.2 |   0.0 |  24.5 |  19.9 | 971.0
               +-------+-------+-------+-------+-------+----------------------

Table legend:
 A = Kills in this place as a percentage of kills in entire the game.
 B = Kills by you in this place as a percentage of kills by you in the entire game.
 C = Kills by friends in this place as a percentage of kills by friends in the entire game.
 D = Other kills in this place as a percentage of other kills in the entire game.
 E = Experience gained in this place as a percentage of experience gained in the entire game.
 F = Experience gained in this place divided by the number of levels of this place that you have seen.
                   A       B       C       D       E      F
               +-------+-------+-------+-------+-------+----------------------
         Total | 100.0 | 100.0 | 100.0 | 100.0 | 100.0 | 31443.6
       Dungeon |  15.4 |  15.5 |   2.9 |   7.7 |   4.2 | 6583.7
          Lair |   4.7 |   4.7 |   0.0 |   7.7 |   2.1 | 8415.2
        Shoals |   4.8 |   4.9 |   0.0 |   0.0 |   3.9 | 22901.0
   Spider Nest |   5.5 |   5.6 |   2.9 |   7.7 |   3.8 | 22582.2
    Slime Pits |   2.7 |   2.7 |   0.0 |   0.0 |   3.7 | 17216.8
  Orcish Mines |   2.6 |   2.7 |   0.0 |   0.0 |   0.8 | 9205.0
   Elven Halls |   4.8 |   4.8 |   0.0 |   7.7 |   5.7 | 44683.0
        Vaults |  15.7 |  15.7 |  23.5 |   0.0 |  19.4 | 91432.2
         Crypt |   3.4 |   3.4 |   0.0 |   7.7 |   3.9 | 30445.3
        Depths |   8.0 |   7.9 |  14.7 |  23.1 |  10.7 | 50544.2
          Hell |   1.9 |   1.8 |  11.8 |   0.0 |   1.7 | 40448.0
       Cocytus |   9.7 |   9.5 |  23.5 |  23.1 |  11.5 | 45275.5
           Zot |   3.8 |   3.8 |   5.9 |   0.0 |  14.3 | 67281.2
         Abyss |  16.0 |  16.0 |  14.7 |  15.4 |  13.1 | 34301.1
        Wizlab |   1.0 |   1.0 |   0.0 |   0.0 |   1.3 | 30115.0
               +-------+-------+-------+-------+-------+----------------------
